 Dungeon Crawl Stone Soup version 0.29-a0-892-g2c4c91d9db (webtiles) character file.

Game seed: 1604262398693557778

181 dlgcnf the Vexing (level 5, -5/24 HPs)
             Began as a Spriggan Enchanter on July 22, 2022.
             Killed by divine providence
             ... invoked by an orc priest
              (16 damage)
             ... on level 4 of the Dungeon.
             The game lasted 00:08:10 (4844 turns).

dlgcnf the Vexing (Spriggan Enchanter)              Turns: 4844, Time: 00:08:11

Health: -5/24      AC:  3    Str: 12    XL:     5   Next: 34%
Magic:  13/13      EV: 17    Int: 17    God:
Gold:   141        SH:  0    Dex: 15    Spells: 6/14 levels left

rFire   . . .      SeeInvis +   a - +2 dagger (elec)
rCold   + . .      Faith    .   (no shield)
rNeg    . . .      Spirit   .   b - +0 robe
rPois   +          Reflect  .   (helmet restricted)
rElec   .          Harm     .   e - +0 cloak
rCorr   +          Rampage  .   (gloves unavailable)
Will    .....                   (boots unavailable)
Stlth   +++.......              (no amulet)
HPRegen 0.08/turn               f - ring "Loori" {Drain +Blink rC+ rCorr Str+6}
MPRegen 0.13/turn               q - ring of poison resistance

@: invisible, very quick
A: very small, no large weapons, unfitting armour, see invisible, speed 3
a: Evoke Blink


You were on level 4 of the Dungeon.
You visited 1 branch of the dungeon, and saw 4 of its levels.

You collected 141 gold pieces.

Inventory:

Hand Weapons
 a - a +2 dagger of electrocution (weapon)
 g - a +1 short sword of holy wrath
Missiles
 h - 10 poisoned darts (quivered)
Armour
 b - a +0 robe (worn)
 e - a +0 cloak (worn)
Jewellery
 f - the ring "Loori" (left hand) {Drain +Blink rC+ rCorr Str+6}
   (You acquired it on level 1 of the Dungeon)

   [ring of strength]

   Str:       It affects your strength (+6).
   rC:        It protects you from cold.
   +Blink:    It lets you blink.
   rCorr:     It protects you from acid and corrosion.
   Drain:     It drains your maximum health when unequipped.
 j - a ring of ice
 o - a ring of wizardry
 q - a ring of poison resistance (right hand)
Wands
 k - a wand of paralysis (8)
Scrolls
 d - a scroll of amnesia
 l - 2 scrolls of blinking
 p - 3 scrolls of identify
 r - a scroll of teleportation
Potions
 c - a potion of invisibility
 i - a potion of might
 n - a potion of lignification


   Skills:
 - Level 1.1 Short Blades
 - Level 2.6 Dodging
 + Level 4.7 Stealth
 + Level 5.1 Spellcasting
 + Level 5.7 Hexes


You had 6 spell levels left.
You knew the following spells:

 Your Spells              Type           Power      Damage    Failure   Level
a - Ensorcelled Hibernat  Hex/Ice        28%        N/A       7%          2
b - Tukima's Dance        Hex            23%        N/A       4%          3
d - Confusing Touch       Hex            23%        N/A       4%          3

Your spell library contained the following spells:

 Spells                   Type           Power      Damage    Failure   Level
 Dazzling Flash           Conj/Hex       28%        N/A       13%         3


Dungeon Overview and Level Annotations

Branches:
Dungeon (4/15)
 Temple: D:4-7

Altars:
Uskayaw


Innate Abilities, Weirdness & Mutations

You are very small and have problems with some larger weapons.
You are too small for most types of armour.
You have supernaturally acute eyesight. (SInv)
You cover ground extremely quickly. (Speed+++)


Message History

The orc wizard casts a spell at you. The puff of flame misses you.
You hit the orc wizard but do no damage.
The orc wizard closely misses you.
The orc reads a scroll.
Wisps of shadow swirl around the orc.
The orc wizard shouts!
You hit the orc wizard.
The orc wizard is lightly wounded.
You hear a shout!
The orc wizard hits you but does no damage.
The gnoll hits you with a +0 flail!
You barely miss the orc wizard.
The orc wizard is lightly wounded.
The adder misses you.
The orc wizard casts a spell.
The orc wizard flickers and vanishes for a moment.
The orc hits you but does no damage.
You barely miss the orc wizard.
The orc wizard is lightly wounded.
The gnoll closely misses you. The gnoll hits you with a +0 flail.
The adder bites you.
* * * LOW HITPOINT WARNING * * *
The orc misses you. The orc wizard closely misses you.
Unknown command.
Unknown command.
Unknown command.
You feel better. The adder closely misses you. The gnoll barely misses you.
The gnoll misses you. The orc closely misses you.
The orc wizard hits you with a +0 dagger.
You fade into invisibility!
The adder misses you. The gnoll misses you. The gnoll closely misses you.
The orc barely misses you.
The orc wizard points at you and mumbles some strange words.
You easily resist.
The adder misses you.
Unknown command.
The orc completely misses you. The gnoll closely misses you.
The orc priest mumbles some strange prayers to Beogh against you.
Beogh smites you!
Ouch! That really hurt!
You die...

.[.##............#.....#
...#####................
...# #.[..!....# ...#
...#####........o# .....
..........>...ogo##....#
...#####........o#.....#
.......#......KgSo.....#
..............go........
.......#........@.......
.....................##.
###......$...........# #
#....#...†....#....# #
###........#....(.... #
######.#.#.>.....##. #
#............ #
###.#<#....... #
......#..#


You could see an orc priest (unable to see you), 2 orc wizards, 3 gnolls, an
adder (summoned, wandering, unable to see you), 3 orcs and a kobold (summoned,
unable to see you).

Vanquished Creatures
  A hound (D:4)
  An iguana (D:3)
  A gnoll (D:1)
  2 adders (D:3)
  2 dart slugs
  5 orcs (D:3)
  8 ball pythons
  8 bats
  11 endoplasms
  2 giant cockroaches (D:1)
  11 hobgoblins
  2 quokkas
  3 frilled lizards (D:2)
  8 goblins
  9 kobolds
  8 rats
82 creatures vanquished.

Notes
Turn   | Place    | Note
-------+----------+-------------------------------------------
     0 | D:1      | dlgcnf the Spriggan Enchanter began the quest for the Orb.
     0 | D:1      | Reached XP level 1. HP: 9/9 MP: 5/5
   628 | D:2      | Reached XP level 2. HP: 13/13 MP: 7/7
   633 | D:2      | Learned a level 2 spell: Ensorcelled Hibernation
  1154 | D:2      | Found a hide-covered altar of Uskayaw.
  1165 | D:2      | Found a faded altar of an unknown god.
  1469 | D:2      | Reached XP level 3. HP: 10/16 MP: 9/9
  1473 | D:2      | Learned a level 3 spell: Tukima's Dance
  1477 | D:2      | Learned a level 3 spell: Confusing Touch
  2382 | D:1      | Identified a scroll of acquirement
  3024 | D:1      | Acquired the ring "Loori" {Drain +Blink rC+ rCorr Str+6}
  3621 | D:3      | Reached XP level 4. HP: 21/21 MP: 11/11
  3636 | D:3      | Reached skill level 5 in Hexes
  4322 | D:3      | Reached XP level 5. HP: 24/24 MP: 13/13
  4415 | D:4      | Noticed an ogre
  4417 | D:4      | Noticed a black bear
  4559 | D:4      | Reached skill level 5 in Spellcasting
  4844 | D:4      | Killed from afar by an orc priest

Illustrated notes

Levels and vault maps discovered:
D:1:      shiori_arrival_elements, layout_loops_ring
D:2:      layout_basic, basic_altar, chequers_ecumenical_altar_island,
          minmay_diced_spiral
D:3:      minmay_diamond_boxcup, layout_basic, hangedman_decor_push
D:4:      layout_rooms, kennysheep_small_spiral

Skill      XL: |  1  2  3  4  5 |
---------------+----------------+-----
Spellcasting   | 3 4 5 |  5.1
Hexes          | 4 5 |  5.7
Short Blades   | |  1.1
Dodging        | |  2.6
Stealth        | |  4.7

Action                   |  1- 3 |  4- 6 || total
-------------------------+-------+-------++-------
Melee: Dagger            |   202 |    71 ||   273
       Punch             |     1 |     1 ||     2
 Cast: Ensorcelled Hiber |    14 |     8 ||    22
 Abil: Evoke Blink       |     2 |       ||     2
  Use: Scroll            |    10 |     4 ||    14
       Potion            |       |     2 ||     2
 Stab: Sleeping          |    16 |    11 ||    27
       Distracted        |     1 |       ||     1
Armor: Robe              |    33 |     6 ||    39
Dodge: Dodged            |   160 |    51 ||   211

Table legend: (Time is in decaauts)
 A = Elapsed time spent in this place.
 B = Non-inter-level travel time spent in this place.
 C = Inter-level travel time spent in this place.
 D = Time resting spent in this place.
 E = Time spent auto-exploring this place.
 F = Levels seen in this place.
 G = Mean time per level.
                   A        B        C        D        E       F      G
               +--------+--------+--------+--------+--------+-----+--------+
         Total |   3798 |   3660 |    138 |    127 |   2845 |   4 |  949.5 |
       Dungeon |   3798 |   3660 |    138 |    127 |   2845 |   4 |  949.5 |
               +--------+--------+--------+--------+--------+-----+--------+

Top non-repeatable levels by time:
     D:1: 1375 daAuts
     D:2: 1097 daAuts
     D:3: 998 daAuts
     D:4: 326 daAuts
